 Dungeon Crawl Stone Soup version 0.31-a0-174-g85c54bcb58 (webtiles) character file.

Game seed: 2467327466425533757

139 qw the Shooter (level 5, 0/50 HPs)
             Began as a Naga Hunter on June 15, 2023.
             Slain by an ice beast (10 damage)
             ... on level 4 of the Dungeon.
             The game lasted 00:00:45 (2187 turns).

qw the Shooter (Naga Hunter)                        Turns: 2187, Time: 00:00:45

Health: 0/50       AC:  3    Str: 14    XL:     5   Next: 22%
Magic:  5/5        EV:  9    Int:  9    God:
Gold:   158        SH:  0    Dex: 16    Spells: 4/4 levels left

rFire   . . .        Y - +1 shortbow
rCold   . . .        (shield currently unavailable)
rNeg    . . .        c - +0 leather armour
rPois   +            (no helmet)
rElec   .            (no cloak)
rCorr   .            (no gloves)
SInv    +            (no barding)
Will    .....        (no amulet)
Stlth   ++           (no ring)
HPRegen 0.28/turn    (no ring)
MPRegen 0.09/turn

%: no passive effects
@: short of breath, very slow
A: AC +1, large, see invisible, deformed body, poison resistance, slowness 2,
spit poison 1, naga tail 1
a: Spit Poison


You were on level 4 of the Dungeon.
You visited 1 branch of the dungeon, and saw 4 of its levels.

You collected 158 gold pieces.


Innate Abilities, Weirdness & Mutations

Your serpentine skin is tough. (AC +1)
You have supernaturally acute eyesight. (SInv)
Armour fits poorly on your strangely shaped body.
Your system is resistant to poisons. (rPois)
You cover ground very slowly.
You can spit poison.
You have a snake-like lower body.


   Skills:
 - Level 3.6 Fighting
 + Level 5.0 Ranged Weapons
 - Level 1.5 Dodging
 - Level 1.5 Stealth


You had 4 spell levels left.
You didn't know any spells.
Your spell library was empty.

Inventory:

Hand Weapons
 Y - a +1 shortbow (weapon)
Armour
 c - a +0 leather armour (worn)
Scrolls
 a - 2 scrolls of teleportation
Potions
 b - a potion of curing
 d - a potion of invisibility {unknown}
 e - a potion of berserk rage {unknown}
 f - a potion of might {unknown}
 g - a potion of cancellation {unknown}
 i - a potion of lignification {unknown}

Dungeon Overview and Level Annotations

Branches:
Dungeon (4/15)
 Temple: D:4-7

Altars:

Portals:
Ossuary: D:4


Message History

It is a scroll of enchant weapon.
Your +0 shortbow glows red for a moment.
Found 4 poisoned darts.
A quokka and an ice beast come into view.
Found a glass wand.
Found a stone staircase leading down.
Enter note: You shoot an arrow.
The arrow completely misses the ice beast.
You hear a shout!
An orc comes into view. It is wielding a +0 club.
You shoot an arrow. The arrow hits the ice beast.
The ice beast is moderately wounded.
You shoot an arrow. The arrow hits the ice beast.
The ice beast is moderately wounded.
You hear the slow hiss of an avalanche of sand.
An orc comes into view. It is wielding a +0 falchion.
The ice beast hits you but does no damage.
2183 ||| INVOKING Spit Poison.
Aiming: Spit Poison (1% risk of failure)
Press: ? - help, Shift-Dir - straight line, f - quokka, p - ice beast The splash of poison hits the quokka.
The quokka is poisoned.
You kill the quokka!
The ice beast hits you. The ice beast freezes you!
You shoot an arrow. The arrow hits the ice beast.
The ice beast is moderately wounded.
The ice beast hits you. The ice beast freezes you!
You shoot an arrow. The arrow barely misses the ice beast.
The arrow hits the orc but does no damage.
The orc closely misses you. The ice beast hits you. The ice beast freezes you.
You shoot an arrow. The arrow closely misses the ice beast.
You have got your breath back.
The orc hits you but does no damage. The ice beast barely misses you.
2187 ||| INVOKING Spit Poison.
Aiming: Spit Poison (1% risk of failure)
Press: ? - help, Shift-Dir - straight line, f - orc, p - ice beast The splash of poison hits the orc.
The orc is poisoned.
The orc is moderately wounded.
The orc hits you with a +0 falchion. The orc hits you with a +0 club.
The ice beast hits you. The ice beast freezes you!
You die...

.....## ......# #..
##....# ##..# ##...#
....#### #..##
#......# ###..##
##......#. ......#
#...\..../ ##....#####
#.........
#........#####.@o....#
#.....##.......oY...##
#.###.####..#.......##
.# #.# #).##...##.# #
#.# #..###### >(# ###
#..# .# #..# # #..#
#.##


You could see an ice beast and 2 orcs.

Vanquished Creatures
  A scorpion (D:4)
  2 adders (D:2)
  A worm (D:2)
  3 dart slugs
  3 orcs
  4 bats
  2 endoplasms
  3 giant cockroaches
  2 goblins
  2 hobgoblins (D:3)
  7 jackals
  6 kobolds
  2 quokkas
  6 ball pythons
  3 frilled lizards
  3 rats (D:2)
50 creatures vanquished.

Notes
Turn   | Place    | Note
-------+----------+-------------------------------------------
     0 | D:1      | qw the Naga Hunter began the quest for the Orb.
     0 | D:1      | Reached XP level 1. HP: 19/19 MP: 1/1
     0 | D:1      | 0 ||| qw: Version: 0.2-a-29-g511e9b1
     0 | D:1      | 0 ||| qw: Game counter: 5564
     0 | D:1      | 0 ||| qw: Always use a shield: true
     0 | D:1      | 0 ||| qw: God list: Okawaru
     0 | D:1      | 0 ||| qw: Allow faded altars: false
     0 | D:1      | 0 ||| qw: Do Orc after D:15 true
     0 | D:1      | 0 ||| qw: Do second Lair branch before Depths: true
     0 | D:1      | 0 ||| qw: Lair rune preference: random
     0 | D:1      | 0 ||| qw: Plans: Normal
     0 | D:1      | 0 ||| PLANNING D:1-11
    31 | D:1      | 31 ||| INVOKING Spit Poison.
   115 | D:1      | 115 ||| INVOKING Spit Poison.
   142 | D:1      | 142 ||| INVOKING Spit Poison.
   361 | D:1      | 361 ||| INVOKING Spit Poison.
   391 | D:1      | 391 ||| INVOKING Spit Poison.
   392 | D:1      | Reached skill level 4 in Ranged Weapons
   392 | D:1      | Reached XP level 2. HP: 26/26 MP: 2/2
   397 | D:1      | 397 ||| INVOKING Spit Poison.
   590 | D:1      | 590 ||| READING 2 scrolls labelled QAT QAKYXTU.
   594 | D:1      | 594 ||| READING scroll labelled ROFEIT GIOSTRI.
   595 | D:1      | 595 ||| READING scroll labelled ASKUDU ZEXOUTOHUI.
   596 | D:1      | 596 ||| DROPPING scroll of butterflies.
   618 | D:2      | 618 ||| INVOKING Spit Poison.
   623 | D:2      | 623 ||| INVOKING Spit Poison.
   626 | D:2      | 626 ||| INVOKING Spit Poison.
   629 | D:2      | 629 ||| INVOKING Spit Poison.
   668 | D:2      | 668 ||| INVOKING Spit Poison.
   706 | D:2      | 706 ||| FLEEEEING.
   707 | D:2      | 707 ||| FLEEEEING.
   812 | D:2      | 812 ||| INVOKING Spit Poison.
   841 | D:2      | 841 ||| INVOKING Spit Poison.
   871 | D:2      | 871 ||| INVOKING Spit Poison.
   884 | D:2      | 884 ||| INVOKING Spit Poison.
   890 | D:2      | 890 ||| INVOKING Spit Poison.
   896 | D:2      | Reached XP level 3. HP: 26/32 MP: 3/3
   896 | D:2      | 896 ||| INVOKING Spit Poison.
   902 | D:2      | 902 ||| INVOKING Spit Poison.
  1046 | D:2      | 1046 ||| INVOKING Spit Poison.
  1056 | D:2      | 1056 ||| INVOKING Spit Poison.
  1057 | D:2      | 1057 ||| INVOKING Spit Poison.
  1063 | D:2      | 1063 ||| INVOKING Spit Poison.
  1064 | D:2      | 1064 ||| INVOKING Spit Poison.
  1070 | D:2      | 1070 ||| INVOKING Spit Poison.
  1113 | D:2      | 1113 ||| INVOKING Spit Poison.
  1118 | D:2      | 1118 ||| INVOKING Spit Poison.
  1155 | D:2      | 1155 ||| INVOKING Spit Poison.
  1158 | D:2      | 1158 ||| INVOKING Spit Poison.
  1176 | D:2      | 1176 ||| INVOKING Spit Poison.
  1183 | D:2      | 1183 ||| INVOKING Spit Poison.
  1188 | D:2      | 1188 ||| INVOKING Spit Poison.
  1309 | D:2      | 1309 ||| FLEEEEING.
  1310 | D:2      | 1310 ||| FLEEEEING.
  1320 | D:2      | Reached skill level 5 in Ranged Weapons
  1320 | D:2      | Reached XP level 4. HP: 37/39 MP: 4/4
  1425 | D:2      | 1425 ||| INVOKING Spit Poison.
  1518 | D:3      | 1518 ||| INVOKING Spit Poison.
  1523 | D:3      | 1523 ||| INVOKING Spit Poison.
  1525 | D:3      | 1525 ||| STAIRDANCE
  1527 | D:2      | 1527 ||| INVOKING Spit Poison.
  1570 | D:3      | 1570 ||| INVOKING Spit Poison.
  1622 | D:3      | 1622 ||| INVOKING Spit Poison.
  1629 | D:3      | 1629 ||| INVOKING Spit Poison.
  1633 | D:3      | 1633 ||| INVOKING Spit Poison.
  1665 | D:3      | 1665 ||| INVOKING Spit Poison.
  1672 | D:3      | Found the +5 Force Lance {heavy, knockback}
  1788 | D:3      | 1788 ||| INVOKING Spit Poison.
  1975 | D:3      | 1975 ||| READING scroll labelled JURHIS OM JIWO.
  1976 | D:3      | 1976 ||| DRINKING 2 emerald potions.
  2001 | D:4      | 2001 ||| PLANNING OSSUARY
  2048 | D:4      | Noticed a scorpion
  2049 | D:4      | 2049 ||| INVOKING Spit Poison.
  2052 | D:4      | Killed a scorpion
  2053 | D:4      | Reached skill level 3 in Fighting
  2053 | D:4      | Reached XP level 5. HP: 50/50 MP: 5/5
  2175 | D:4      | Found a sand-covered staircase.
  2176 | D:4      | 2176 ||| READING scroll labelled YHA YLIWOL.
  2179 | D:4      | Noticed an ice beast
  2183 | D:4      | 2183 ||| INVOKING Spit Poison.
  2187 | D:4      | 2187 ||| INVOKING Spit Poison.
  2187 | D:4      | HP: 10/50 [ice beast (4)]
  2187 | D:4      | Slain by an ice beast

Levels and vault maps discovered:
D:1:      saegor_arrival_simple_e, layout_loops_ring,
          minmay_misc_feat_four_crosses
D:2:      layout_basic, kennysheep_cross_room, chequers_serial_rivers_micro_c
D:3:      layout_rooms
D:4:      layout_layer_cave, slow_altar_2, nicolae_vehumet_altar_sigil,
          enter_ossuary_1, grunt_decor_arrowhead

Skill      XL: |  1  2  3  4 |
---------------+-------------+-----
Ranged Weapons | 4 5 |  5.0
Fighting       | 3 |  3.6
Dodging        | |  1.5
Stealth        | |  1.5

Action                     |  1- 3 |  4- 6 || total
---------------------------+-------+-------++-------
   Fire: Shortbow          |    75 |    37 ||   112
Ability: Spit Poison       |    29 |    13 ||    42
    Use: Scroll            |     3 |     2 ||     5
         Potion            |       |     1 ||     1
 Armour: Leather armour    |    15 |     9 ||    24
  Dodge: Dodged            |    25 |    11 ||    36

Table legend:
 A = Non-vault XP
 B = Vault XP
 C = Vault XP percentage of total XP
 D = Non-vault monster count
 E = Vault monster count
 F = Vault count percentage of total count
                 A         B        C        D         E       F
            +---------+---------+-------+---------+---------+-------
      Total |     199 |       0 |   0.0 |      50 |       0 |   0.0
            +---------+---------+-------+---------+---------+-------
        D:1 |      11 |       0 |   0.0 |       6 |       0 |   0.0
        D:2 |      75 |       0 |   0.0 |      27 |       0 |   0.0
        D:3 |      28 |       0 |   0.0 |      15 |       0 |   0.0
        D:4 |      85 |       0 |   0.0 |       2 |       0 |   0.0
            +---------+---------+-------+---------+---------+-------
